TOP OF THE 1ST |
St. Louis Coeur batting - Pitching for Buckhead Bowties : RHP Leon von Stroheim
|
Pitching: RHP Leon von Stroheim
|
|
Batting: RHB Guillermo Coss
|
0-0: Called Strike 0-1: Ground out 4-3 (Groundball, 4, EV 104.4 MPH)
|
Batting: RHB Jaime Soto
|
0-0: Ball 1-0: SINGLE (Groundball, 6D, EV 100.0 MPH)
|
Batting: LHB Qing-nian Zexian
|
0-0: Ball 1-0: Ball 2-0: Ball 3-0: Base on Balls Jaime Soto to second
|
Batting: RHB Nobuhisa Murakami
|
0-0: Ball 1-0: Fly out, F7 (Flyball, 7LM, EV 76.9 MPH)
|
Batting: RHB Joel Iyiegbuniwe
|
0-0: Ball 1-0: Ball 2-0: Ground out 3-1 (Groundball, 34S, EV 80.6 MPH)
|
Top of the 1st over - 0 runs, 1 hit, 0 errors, 2 left on base; St. Louis 0 - Buckhead 0 |
BOTTOM OF THE 1ST |
Buckhead Bowties batting - Pitching for St. Louis Coeur : RHP Alfonso Caballero
|
Pitching: RHP Alfonso Caballero
|
|
Batting: LHB Charles Godard
|
0-0: Swinging Strike 0-1: Ball 1-1: Fly out, F9 (Flyball, 9S, EV 78.1 MPH)
|
Batting: LHB Marcus Shill
|
0-0: Called Strike 0-1: Swinging Strike 0-2: Ball 1-2: SINGLE (Groundball, 4M, EV 86.2 MPH) (infield hit)
|
Batting: LHB Jesús Encarnación
|
0-0: Called Strike 0-1: Ball 1-1: Ground out 3-1 (Groundball, 3, EV 109.4 MPH) Marcus Shill to second
|
Batting: LHB Spencer Powell
|
0-0: Ball 1-0: Foul Ball, location: 2F 1-1: Foul Ball, location: 2F 1-2: Ball 2-2: Ball 3-2: Ground out 1-3 (Groundball, 13S, EV 73.1 MPH)
|
Bottom of the 1st over - 0 runs, 1 hit, 0 errors, 1 left on base; St. Louis 0 - Buckhead 0 |
TOP OF THE 2ND |
St. Louis Coeur batting - Pitching for Buckhead Bowties : RHP Leon von Stroheim
|
Batting: RHB Joe Mueller
|
0-0: Swinging Strike 0-1: Ball 1-1: Called Strike 1-2: Fly out, F7 (Line Drive, 7, EV 100.6 MPH)
|
Batting: LHB Harry Cornelis
|
0-0: Foul Ball, location: 2F 0-1: Called Strike 0-2: Foul Ball, location: 2F 0-2: Ball 1-2: Fly out, F8 (Flyball, 78M, EV 98.8 MPH)
|
Batting: RHB Ik-jun Cho
|
0-0: Ball 1-0: Called Strike 1-1: Called Strike 1-2: Ground out 6-3 (Groundball, 6, EV 98.8 MPH)
|
Top of the 2nd over - 0 runs, 0 hits, 0 errors, 0 left on base; St. Louis 0 - Buckhead 0 |
BOTTOM OF THE 2ND |
Buckhead Bowties batting - Pitching for St. Louis Coeur : RHP Alfonso Caballero
|
Batting: SHB Tony Manzanares
|
0-0: Ball 1-0: Called Strike 1-1: Ball 2-1: Called Strike 2-2: Strikes out looking
|
Batting: RHB Juan Barrón
|
0-0: Called Strike 0-1: Ball 1-1: Foul Ball, location: 2F 1-2: Foul Ball, location: 2F 1-2: Foul Ball, location: 2F 1-2: Ball 2-2: Foul Ball, location: 2F 2-2: TRIPLE (Line Drive, 89XD, EV 103.1 MPH)
|
Batting: RHB Hugh Mungus
|
0-0: Ball 1-0: Ball 2-0: DOUBLE (Line Drive, 89D, EV 103.1 MPH) Juan Barrón scores
|
Batting: RHB César Guerra
|
0-0: Ball 1-0: Ball 2-0: Ball 3-0: Base on Balls
|
Batting: RHB Barsati Saraf
|
0-0: SINGLE (Groundball, 56D, EV 110.0 MPH) Hugh Mungus to third César Guerra to second Runner from 3rd tries for Home, SAFE, throw by LF to home
|
Batting: LHB Charles Godard
|
0-0: Called Strike 0-1: Ball 1-1: Called Strike 1-2: Foul Ball, location: 2F 1-2: Strikes out swinging
|
Batting: LHB Marcus Shill
|
0-0: Fly out, F9 (Line Drive, 9, EV 106.9 MPH)
|
Bottom of the 2nd over - 2 runs, 3 hits, 0 errors, 2 left on base; St. Louis 0 - Buckhead 2 |
TOP OF THE 3RD |
St. Louis Coeur batting - Pitching for Buckhead Bowties : RHP Leon von Stroheim
|
Batting: RHB Jack Bonner
|
0-0: Fly out, F8 (Flyball, 8RS, EV 71.9 MPH)
|
Batting: RHB Guillermo Coss
|
0-0: Ground out 4-3 (Groundball, 4, EV 87.5 MPH)
|
Batting: RHB Jaime Soto
|
0-0: Called Strike 0-1: Ball 1-1: Foul Ball, location: 2F 1-2: Foul Ball, location: 2F 1-2: Ball 2-2: Ball 3-2: Foul Ball, location: 2F 3-2: Base on Balls
|
Batting: LHB Qing-nian Zexian
|
0-0: Ball 1-0: Foul Ball, location: 2F 1-1: 2-RUN HOME RUN (Flyball, 9LD, EV 98.8 MPH), Distance : 352 ft
|
Batting: RHB Nobuhisa Murakami
|
0-0: Ball 1-0: Fly out, F6 (Popup, P, EV 83.8 MPH)
|
Top of the 3rd over - 2 runs, 1 hit, 0 errors, 0 left on base; St. Louis 2 - Buckhead 2 |
BOTTOM OF THE 3RD |
Buckhead Bowties batting - Pitching for St. Louis Coeur : RHP Alfonso Caballero
|
Batting: LHB Jesús Encarnación
|
0-0: Ball 1-0: Called Strike 1-1: Fly out, F6 (Line Drive, 6, EV 73.8 MPH)
|
Batting: LHB Spencer Powell
|
0-0: Ball 1-0: SOLO HOME RUN (Flyball, 9D, EV 93.1 MPH), Distance : 402 ft
|
Batting: SHB Tony Manzanares
|
0-0: Called Strike 0-1: Ball 1-1: SOLO HOME RUN (Flyball, 89XD, EV 99.4 MPH), Distance : 388 ft
|
Batting: RHB Juan Barrón
|
0-0: Ground out 5-3 (Groundball, 56S, EV 88.8 MPH)
|
Batting: RHB Hugh Mungus
|
0-0: Ball 1-0: Foul Ball, location: 2F 1-1: Called Strike 1-2: Ball 2-2: Strikes out swinging
|
Bottom of the 3rd over - 2 runs, 2 hits, 0 errors, 0 left on base; St. Louis 2 - Buckhead 4 |
TOP OF THE 4TH |
St. Louis Coeur batting - Pitching for Buckhead Bowties : RHP Leon von Stroheim
|
Batting: RHB Joel Iyiegbuniwe
|
0-0: Ground out U3 (Groundball, 3, EV 83.8 MPH)
|
Batting: RHB Joe Mueller
|
0-0: Ball 1-0: Fly out, F7 (Flyball, 7LDF, EV 111.2 MPH)
|
Batting: LHB Harry Cornelis
|
0-0: Called Strike 0-1: Foul Ball, location: 2F 0-2: Ball 1-2: Ground out 6-3 (Groundball, 6MD, EV 83.8 MPH)
|
Top of the 4th over - 0 runs, 0 hits, 0 errors, 0 left on base; St. Louis 2 - Buckhead 4 |
BOTTOM OF THE 4TH |
Buckhead Bowties batting - Pitching for St. Louis Coeur : RHP Alfonso Caballero
|
Batting: RHB César Guerra
|
0-0: Ball 1-0: Foul Ball, location: 2F 1-1: Ball 2-1: Swinging Strike 2-2: Strikes out swinging, 2-3 out at first.
|
Batting: RHB Barsati Saraf
|
0-0: Ball 1-0: Ball 2-0: Reached on error, E4 (Groundball, 4, EV 85.0 MPH)
|
Batting: LHB Charles Godard
|
0-0: Swinging Strike 0-1: Ball 1-1: Foul Ball, location: 2F 1-2: Foul Ball, location: 2F 1-2: Strikes out looking
|
Batting: LHB Marcus Shill
|
0-0: Foul Ball, location: 2F 0-1: Ball 1-1: Foul Ball, location: 2F 1-2: Ball 2-2: Fly out, F7 (Flyball, 7, EV 86.2 MPH)
|
Bottom of the 4th over - 0 runs, 0 hits, 1 error, 1 left on base; St. Louis 2 - Buckhead 4 |
TOP OF THE 5TH |
St. Louis Coeur batting - Pitching for Buckhead Bowties : RHP Leon von Stroheim
|
Batting: RHB Ik-jun Cho
|
0-0: Fly out, F9 (Flyball, 9S, EV 90.6 MPH)
|
Batting: RHB Jack Bonner
|
0-0: Ball 1-0: Called Strike 1-1: Ball 2-1: Foul Ball, location: 2F 2-2: Ground out 1-3 (Groundball, 34S, EV 85.6 MPH)
|
Batting: RHB Guillermo Coss
|
0-0: Called Strike 0-1: Ball 1-1: Foul Ball, location: 2F 1-2: DOUBLE (Line Drive, 7LM, EV 105.0 MPH)
|
Batting: RHB Jaime Soto
|
0-0: Ball 1-0: Foul Ball, location: 2F 1-1: Ball 2-1: Ball 3-1: Foul Ball, location: 2F 3-2: Foul Ball, location: 2F 3-2: Foul Ball, location: 2F 3-2: DOUBLE (Flyball, 8LXD, EV 101.9 MPH) Guillermo Coss scores
|
Batting: LHB Qing-nian Zexian
|
0-0: Foul Ball, location: 2F 0-1: Called Strike 0-2: Fly out, F9 (Flyball, 89M, EV 88.8 MPH)
|
Top of the 5th over - 1 run, 2 hits, 0 errors, 1 left on base; St. Louis 3 - Buckhead 4 |
BOTTOM OF THE 5TH |
Buckhead Bowties batting - Pitching for St. Louis Coeur : RHP Alfonso Caballero
|
Batting: LHB Jesús Encarnación
|
0-0: Foul Ball, location: 2F 0-1: Ball 1-1: Ball 2-1: Foul Ball, location: 2F 2-2: Ball 3-2: SINGLE (Flyball, 9S, EV 93.1 MPH)
|
Batting: LHB Spencer Powell
|
0-0: Ball 1-0: Ball 2-0: Ball 3-0: Foul Ball, location: 2F 3-1: Foul Ball, location: 2F 3-2: Base on Balls Jesús Encarnación to second
|
Batting: SHB Tony Manzanares
|
0-0: Ball 1-0: SINGLE (Line Drive, 78M, EV 89.4 MPH) Jesús Encarnación to third Spencer Powell to second
|
Batting: RHB Juan Barrón
|
0-0: Ball 1-0: Ball 2-0: Called Strike 2-1: Foul Ball, location: 2F 2-2: SINGLE (Line Drive, 78S, EV 95.0 MPH) Jesús Encarnación scores Spencer Powell to third Tony Manzanares to second
|
Pitching: RHP Arturo Gramer
|
|
Batting: RHB Hugh Mungus
|
0-0: Ball 1-0: Ball 2-0: Foul Ball, location: 2F 2-1: Fly out, F9 (Flyball, 9, EV 88.1 MPH)
|
Batting: RHB César Guerra
|
0-0: Ball 1-0: Swinging Strike 1-1: Swinging Strike 1-2: Ball 2-2: Ball 3-2: Foul Ball, location: 2F 3-2: Strikes out swinging
|
Batting: RHB Barsati Saraf
|
0-0: Called Strike 0-1: Foul Ball, location: 2F 0-2: Ball 1-2: Fly out, F9 (Flyball, 9S, EV 90.6 MPH)
|
Bottom of the 5th over - 1 run, 3 hits, 0 errors, 3 left on base; St. Louis 3 - Buckhead 5 |
TOP OF THE 6TH |
St. Louis Coeur batting - Pitching for Buckhead Bowties : RHP Leon von Stroheim
|
Batting: RHB Nobuhisa Murakami
|
0-0: Ball 1-0: Called Strike 1-1: Ball 2-1: Called Strike 2-2: Fly out, F4 (Popup, 34D, EV 59.4 MPH)
|
Batting: RHB Joel Iyiegbuniwe
|
0-0: Foul Ball, location: 2F 0-1: Foul Ball, location: 2F 0-2: Foul Ball, location: 2F 0-2: Ball 1-2: Ground out 4-3 (Groundball, 4, EV 86.9 MPH)
|
Batting: RHB Joe Mueller
|
0-0: Ball 1-0: Ground out 4-3 (Groundball, 4M, EV 98.8 MPH)
|
Top of the 6th over - 0 runs, 0 hits, 0 errors, 0 left on base; St. Louis 3 - Buckhead 5 |
BOTTOM OF THE 6TH |
Buckhead Bowties batting - Pitching for St. Louis Coeur : RHP Arturo Gramer
|
Batting: LHB Charles Godard
|
0-0: Ground out 1-3 (Groundball, 13, EV 81.2 MPH)
|
Batting: LHB Marcus Shill
|
0-0: Ball 1-0: Ball 2-0: Called Strike 2-1: Fly out, F9 (Line Drive, 9D, EV 83.1 MPH)
|
Batting: LHB Jesús Encarnación
|
0-0: Foul Ball, location: 2F 0-1: Swinging Strike 0-2: Strikes out looking
|
Bottom of the 6th over - 0 runs, 0 hits, 0 errors, 0 left on base; St. Louis 3 - Buckhead 5 |
TOP OF THE 7TH |
St. Louis Coeur batting - Pitching for Buckhead Bowties : RHP Leon von Stroheim
|
Batting: LHB Harry Cornelis
|
0-0: Foul Ball, location: 2F 0-1: Called Strike 0-2: Foul Ball, location: 2F 0-2: Foul Ball, location: 2F 0-2: Foul Ball, location: 2F 0-2: Foul Ball, location: 2F 0-2: Ball 1-2: Foul Ball, location: 2F 1-2: DOUBLE (Groundball, 3L, EV 106.2 MPH)
|
Batting: RHB Ik-jun Cho
|
0-0: SINGLE (Groundball, 34D, EV 103.1 MPH) Harry Cornelis to third Runner from 3rd tries for Home, SAFE, throw by RF to home
|
Batting: RHB Jack Bonner
|
0-0: Foul Ball, location: 2F 0-1: Ball 1-1: Called Strike 1-2: Ball 2-2: Ball 3-2: Foul Ball, location: 2F 3-2: Foul Ball, location: 2F 3-2: Foul Ball, location: 2F 3-2: Base on Balls Ik-jun Cho to second
|
Pitching: LHP Jorge Oyas
|
|
Batting: RHB Guillermo Coss
|
0-0: Called Strike 0-1: Ball 1-1: Ball 2-1: Fly out, F7 (Flyball, 7S, EV 85.6 MPH)
|
Batting: RHB Jaime Soto
|
0-0: Ball 1-0: Swinging Strike 1-1: Foul Ball, location: 2F 1-2: Foul Ball, location: 2F 1-2: Ball 2-2: Grounds into double play, 6-4-3 (Groundball, 6, EV 83.8 MPH)
|
Top of the 7th over - 1 run, 2 hits, 0 errors, 1 left on base; St. Louis 4 - Buckhead 5 |
BOTTOM OF THE 7TH |
Buckhead Bowties batting - Pitching for St. Louis Coeur : RHP Arturo Gramer
|
Batting: LHB Spencer Powell
|
0-0: Called Strike 0-1: Ground out 4-3 (Groundball, 4, EV 78.1 MPH)
|
Batting: SHB Tony Manzanares
|
0-0: Fly out, F8 (Flyball, 8LS, EV 85.0 MPH)
|
Batting: RHB Juan Barrón
|
0-0: Ground out U3 (Groundball, 3, EV 83.8 MPH)
|
Bottom of the 7th over - 0 runs, 0 hits, 0 errors, 0 left on base; St. Louis 4 - Buckhead 5 |
TOP OF THE 8TH |
St. Louis Coeur batting - Pitching for Buckhead Bowties : LHP Jorge Oyas
|
Batting: LHB Qing-nian Zexian
|
0-0: Ball 1-0: Ball 2-0: Called Strike 2-1: Ball 3-1: Base on Balls
|
Pitching: RHP Millard Whipp
|
|
Batting: RHB Nobuhisa Murakami
|
0-0: Called Strike 0-1: Foul Ball, location: 2F 0-2: Ball 1-2: Ground out 4-3 (Groundball, 4S, EV 66.9 MPH) Qing-nian Zexian to second
|
Batting: RHB Joel Iyiegbuniwe
|
0-0: Foul Ball, location: 2F 0-1: Swinging Strike 0-2: Strikes out swinging
|
Batting: RHB Joe Mueller
|
0-0: Foul Ball, location: 2F 0-1: Ball 1-1: Foul Ball, location: 2F 1-2: Ball 2-2: Ball 3-2: Fly out, F9 (Flyball, 9D, EV 98.8 MPH)
|
Top of the 8th over - 0 runs, 0 hits, 0 errors, 1 left on base; St. Louis 4 - Buckhead 5 |
BOTTOM OF THE 8TH |
Buckhead Bowties batting - Pitching for St. Louis Coeur : RHP Arturo Gramer
|
Pitching: LHP Denie Ulderink
|
|
Batting: RHB Hugh Mungus
|
0-0: Called Strike 0-1: Ball 1-1: Foul Ball, location: 2F 1-2: Strikes out swinging
|
Batting: RHB César Guerra
|
0-0: Called Strike 0-1: Foul Ball, location: 2F 0-2: Strikes out swinging
|
Batting: RHB Barsati Saraf
|
0-0: Ball 1-0: Ball 2-0: Ground out 1-3 (Groundball, P, EV 85.0 MPH)
|
Bottom of the 8th over - 0 runs, 0 hits, 0 errors, 0 left on base; St. Louis 4 - Buckhead 5 |
TOP OF THE 9TH |
St. Louis Coeur batting - Pitching for Buckhead Bowties : RHP Millard Whipp
|
Pitching: RHP Roderick Miller
|
|
Batting: LHB Harry Cornelis
|
0-0: Foul Ball, location: 2F 0-1: Ball 1-1: Ball 2-1: Swinging Strike 2-2: Strikes out looking
|
Batting: RHB Ik-jun Cho
|
0-0: Ball 1-0: Swinging Strike 1-1: Ball 2-1: Ball 3-1: Fly out, F3 (Popup, 3F, EV 79.4 MPH)
|
Batting: RHB Jack Bonner
|
0-0: Called Strike 0-1: Ball 1-1: Ball 2-1: SOLO HOME RUN (Flyball, 7D, EV 92.5 MPH), Distance : 385 ft
|
Batting: RHB Guillermo Coss
|
0-0: Called Strike 0-1: Swinging Strike 0-2: Ball 1-2: Ground out 4-3 (Groundball, 4, EV 96.2 MPH)
|
Top of the 9th over - 1 run, 1 hit, 0 errors, 0 left on base; St. Louis 5 - Buckhead 5 |
BOTTOM OF THE 9TH |
Buckhead Bowties batting - Pitching for St. Louis Coeur : LHP Denie Ulderink
|
Batting: LHB Charles Godard
|
0-0: Ground out 4-3 (Groundball, 4, EV 105.0 MPH)
|
Batting: LHB Marcus Shill
|
0-0: DOUBLE (Line Drive, 7LD, EV 110.0 MPH)
|
Batting: LHB Jesús Encarnación
|
0-0: Called Strike 0-1: SINGLE (Groundball, 4D, EV 103.8 MPH) Marcus Shill to third Runner from 3rd tries for Home, SAFE, throw by RF to home
|
|
Tuesday, January 5th, 2021 - OOTP Baseball 20.8 Build 74
|
|